 Dungeon Crawl Stone Soup version 0.21-a0-525-ga34b322 (webtiles) character file.

8 Gerstahl the Magician (level 2, -1/21 HPs)
             Began as a Demonspawn Wanderer on Dec 7, 2017.
             Slain by a jackal (2 damage)
             ... on level 1 of the Dungeon.
             The game lasted 00:00:55 (518 turns).

Gerstahl the Magician (Demonspawn Wanderer)          Turns: 518, Time: 00:00:56

Health: -1/21      AC:  2    Str: 12    XL:     2   Next: 0%
Magic:  0/6        EV: 10    Int: 15    God:
Gold:   28         SH:  3    Dex: 10    Spells: 6/7 levels left

rFire    . . .     SeeInvis .   d - +0 club
rCold    . . .     Gourm    .   b - +0 buckler
rNeg     . . .     Faith    .   c - +0 robe
rPois    .         Spirit   .   (no helmet)
rElec    .         Reflect  .   (no cloak)
rCorr    .         Harm     .   (no gloves)
MR       .....                  (no boots)
Stlth    +.........             (no amulet)
HPRegen  0.07/turn              (no ring)
MPRegen  0.10/turn              (no ring)

@: very slightly contaminated
A: demonic guardian 1
a: no special abilities


You were on level 1 of the Dungeon.
You were not hungry.

You visited 1 branch of the dungeon, and saw 1 of its levels.

You collected 28 gold pieces.

Inventory:

Hand Weapons
 d - a +0 club (weapon)
Armour
 b - a +0 buckler (worn)
 c - a +0 robe (worn)
Scrolls
 e - a scroll of blinking {unknown}
Potions
 g - a potion of berserk rage {unknown}
Books
 a - a book of Necromancy

   Spells                             Type                      Level
   a - Pain                           Necromancy                   1
   b - Animate Skeleton               Necromancy                   1
   c - Vampiric Draining              Necromancy                   3
   d - Regeneration                   Charms/Necromancy            3
   e - Animate Dead                   Necromancy                   4
   f - Control Undead                 Necromancy                   4
Comestibles
 f - a bread ration


   Skills:
 + Level 1.0 Fighting
 - Level 1.0 Shields
 + Level 3.2 Spellcasting
   Level 2.0 Conjurations
   Level 1.0 Summonings
 - Level 2.1 Necromancy
   Level 1.0 Evocations


You had 6 spell levels left.
You knew the following spells:

 Your Spells              Type           Power        Failure   Level  Hunger
a - Pain                  Necr           #...         12%         1    #......


Dungeon Overview and Level Annotations

Branches:
Dungeon (1/15)

Altars:


Innate Abilities, Weirdness & Mutations

A weak demonic guardian rushes to your aid.


Message History

The goblin writhes in agony!
You kill the goblin!
You have reached level 2!
Your demonic ancestry asserts itself...
You feel the presence of a demonic guardian.
The rat barely misses you. The rat barely misses you.
A jackal comes into view.
Found an inky potion.
Casting: Pain
Confirm with . or Enter, or press ? or * to list all spells.
Aiming: Pain
Press: ? - help, Shift-Dir - straight line, f - jackal
Aim: a jackal (chance to defeat MR: 76%)
The jackal writhes in agony!
The jackal barks!
You hear a bark!
The jackal bites you.
* * * LOW HITPOINT WARNING * * *
The jackal bites you.
You die...

.. #... ..
#.... ## ...
###.... #.#
#..#####
##.. #.#
.... ... ##
#..###.#....
#.........!.
# #@#
#.##h###.##
#...r.....#
##)#.#.#..#
#h##.##.. ..
... .(. ..#
### #.## ##
#.# ...


You could see 2 jackals and a rat.

Vanquished Creatures
  2 giant cockroaches (D:1)
  2 goblins (D:1)
  A hobgoblin (D:1)
  A frilled lizard (D:1)
  A rat (D:1)
7 creatures vanquished.

Notes
Turn   | Place    | Note
-------+----------+-------------------------------------------
     0 | D:1      | Gerstahl the Demonspawn Wanderer began the quest for the Orb.
     0 | D:1      | Gerstahl set off with: a book of Necromancy, a +0 buckler, a +0 robe, a +0 club, a bread ration
     0 | D:1      | Reached XP level 1. HP: 13/13 MP: 4/4
     5 | D:1      | Learned a level 1 spell: Pain
   348 | D:1      | Reached skill level 1 in Fighting
   515 | D:1      | Gained mutation: A weak demonic guardian rushes to your aid. [demonic ancestry]
   515 | D:1      | Reached XP level 2. HP: 5/21 MP: 1/6
   518 | D:1      | HP: 1/21 [jackal (2)]
   518 | D:1      | Slain by a jackal

Vault maps used:
D:1:      minmay_arrival_four_loops

Skill      XL: |  1 |
---------------+----+-----
Fighting       | 1 |  1.0
Shields        | |  1.0
Spellcasting   | |  3.2
Conjurations   | |  2.0
Summonings     | |  1.0
Necromancy     | |  2.1
Evocations     | |  1.0

Action                   || total
-------------------------++-------
Melee: Club              ||    38
 Cast: Pain              ||     8
Armor: Robe              ||    10
Dodge: Dodged            ||    22
Block: Buckler           ||    11

Table legend:
 A = Spawn XP
 B = Non-spawn XP
 C = Spawn XP percentage of total XP
 D = Spawn monster count
 E = Non-spawn monster count
 F = Spawn count percentage of total count
 G = Total turns spent on level
                    A         B        C        D         E        F      G
               +---------+---------+-------+---------+---------+-------+---------
         Total |       0 |      12 |   0.0 |       0 |       7 |   0.0 |   518
               +---------+---------+-------+---------+---------+-------+---------
           D:1 |       0 |      12 |   0.0 |       0 |       7 |   0.0 |   518
               +---------+---------+-------+---------+---------+-------+---------
